 Dungeon Crawl Stone Soup version 0.28.0-45-g0d030f2227 (webtiles) character file.

Game seed: 2517430830733770005

118 NinjaNoafa the Covert (level 5, 0/47 HPs)
             Began as a Gnoll Delver on Apr 20, 2022.
             Slain by an adder (1 damage)
             ... on level 4 of the Dungeon.
             The game lasted 00:01:46 (584 turns).

NinjaNoafa the Covert (Gnoll Delver)                 Turns: 584, Time: 00:01:48

Health: 0/47       AC:  3    Str: 14    XL:     5   Next: 2%
Magic:  6/6        EV: 13    Int:  9    God:
Gold:   13         SH:  0    Dex: 13    Spells: 6/6 levels left

rFire   . . .      SeeInvis .   e - +2 whip (elec)
rCold   . . .      Faith    .   (no shield)
rNeg    . . .      Spirit   .   b - +0 leather armour
rPois   .          Reflect  .   (no helmet)
rElec   .          Harm     .   (no cloak)
rCorr   .          Rampage  .   (no gloves)
Will    .....                   (no boots)
Stlth   ++++......              (no amulet)
HPRegen 0.15/turn               (no ring)
MPRegen 0.10/turn               (no ring)

@: lethally poisoned (0 -> -2)
A: fangs 1, strong nose, distributed training
a: no special abilities


You were on level 4 of the Dungeon.
You visited 1 branch of the dungeon, and saw 2 of its levels.

You collected 13 gold pieces.

Inventory:

Hand Weapons
 a - a +0 falchion
 e - a +2 whip of electrocution (weapon)
Armour
 b - a +0 leather armour (worn)


   Skills:
 + Level 6.6 Fighting
 + Level 1.3 Short Blades
 + Level 4.7 Long Blades
 + Level 1.3 Axes
 + Level 1.3 Maces & Flails
 + Level 1.3 Polearms
 + Level 1.3 Staves
 + Level 1.3 Slings
 + Level 1.3 Bows
 + Level 1.3 Crossbows
 + Level 1.3 Throwing
 + Level 1.3 Armour
 + Level 4.7 Dodging
 + Level 9.6 Stealth
 + Level 1.3 Shields
 + Level 1.3 Unarmed Combat
 + Level 1.3 Spellcasting
 + Level 1.0 Conjurations
 + Level 1.0 Hexes
 + Level 1.0 Summonings
 + Level 1.0 Necromancy
 + Level 1.0 Translocations
 + Level 1.0 Transmutations
 + Level 1.0 Fire Magic
 + Level 1.0 Ice Magic
 + Level 1.0 Air Magic
 + Level 1.0 Earth Magic
 + Level 1.0 Poison Magic
 + Level 1.4 Invocations
 + Level 1.3 Evocations


You had 6 spell levels left.
You didn't know any spells.
Your spell library was empty.

Dungeon Overview and Level Annotations

Branches:
Dungeon (5/15)
 Temple: D:4-7

Altars:

Annotations:
D:5 Menkaure


Innate Abilities, Weirdness & Mutations

You have very sharp teeth.
Your uncanny sense of smell can sniff out nearby items.
Your experience applies equally to all skills.


Message History

Menkaure shouts!
Menkaure's bandages flutter.
An orc wizard comes into view. It is wielding a +1 dagger of speed.
The adder closely misses you.
Menkaure calls on the powers of darkness!
The orc convulses!
The adder convulses!
Your body is wracked with pain!
* * * LOW HITPOINT WARNING * * *
The orc convulses!
The orc shouts!
The orc convulses!
You hear a shout!
Menkaure whispers, "Let me perform the rites..."
The adder barely misses you. The adder barely misses you.
There is a stone staircase leading up here.
The adder bites you.
* * * LOW HITPOINT WARNING * * *
You are lethally poisoned!
The adder poisons you!
You climb upwards.
* * * LOW HITPOINT WARNING * * *
You feel sick.
Found 3 gold pieces.
There is a stone staircase leading down here.
You aren't carrying any potions.
You aren't carrying any scrolls.
* * * LOW HITPOINT WARNING * * *
You feel sick. The adder barely misses you.
The adder bites you but does no damage.
* * * LOW HITPOINT WARNING * * *
You feel sick.
* * * LOW HITPOINT WARNING * * *
You feel sick.
You hit the adder.
The adder is heavily wounded.
* * * LOW HITPOINT WARNING * * *
You feel sick.
The kobold shouts!
The adder bites you.
You die...

#######
#.....#
#....$#
#K....#
#.>.S@+
#.....#
∆
#.....#
#.....#
+.....#
###...#
#...#
#....


You could see an adder and a kobold.

Vanquished Creatures
  A centaur zombie (D:5)
  An orc priest (D:5)
  2 orc wizards (D:5)
  3 orcs (D:5)
7 creatures vanquished.

Notes
Turn   | Place    | Note
-------+----------+-------------------------------------------
     0 | D:5      | Reached skill level 9 in Stealth
     0 | D:5      | NinjaNoafa the Gnoll Delver began the quest for the Orb.
     0 | D:5      | Reached XP level 1. HP: 23/23 MP: 1/1
    56 | D:5      | Reached XP level 2. HP: 17/29 MP: 1/3
    56 | D:5      | Reached XP level 3. HP: 21/35 MP: 1/4
   287 | D:5      | Reached skill level 1 in Short Blades
   287 | D:5      | Reached skill level 1 in Axes
   287 | D:5      | Reached skill level 1 in Maces & Flails
   287 | D:5      | Reached skill level 1 in Polearms
   287 | D:5      | Reached skill level 1 in Staves
   287 | D:5      | Reached skill level 1 in Slings
   287 | D:5      | Reached skill level 1 in Bows
   287 | D:5      | Reached skill level 1 in Crossbows
   287 | D:5      | Reached skill level 1 in Throwing
   287 | D:5      | Reached skill level 1 in Armour
   287 | D:5      | Reached skill level 1 in Shields
   287 | D:5      | Reached skill level 1 in Unarmed Combat
   287 | D:5      | Reached skill level 1 in Spellcasting
   287 | D:5      | Reached skill level 1 in Invocations
   287 | D:5      | Reached skill level 1 in Evocations
   287 | D:5      | Reached XP level 4. HP: 41/41 MP: 5/5
   297 | D:5      | Reached skill level 1 in Conjurations
   297 | D:5      | Reached skill level 1 in Hexes
   297 | D:5      | Reached skill level 1 in Summonings
   297 | D:5      | Reached skill level 1 in Necromancy
   297 | D:5      | Reached skill level 1 in Translocations
   297 | D:5      | Reached skill level 1 in Transmutations
   297 | D:5      | Reached skill level 1 in Fire Magic
   297 | D:5      | Reached skill level 1 in Ice Magic
   297 | D:5      | Reached skill level 1 in Air Magic
   297 | D:5      | Reached skill level 1 in Earth Magic
   297 | D:5      | Reached skill level 1 in Poison Magic
   330 | D:5      | Reached XP level 5. HP: 24/47 MP: 6/6
   567 | D:5      | Noticed Menkaure
   583 | D:4      | HP: 2/47 [poisoned by an adder]
   584 | D:4      | Slain by an adder

Illustrated notes

Levels and vault maps discovered:
D:4:      layout_gridville, fedhas_ov_isle_minmay,
          mainiacjoe_overflow_tiny_flanked, minmay_temple_entry_glassed_door
D:5:      layout_rooms, lemuel_tele_altar, uniq_menkaure

Skill      XL: |  1  2  3  4 |
---------------+-------------+-----
Stealth        | |  9.6
Short Blades   | 1 |  1.3
Axes           | 1 |  1.3
Maces & Flails | 1 |  1.3
Polearms       | 1 |  1.3
Staves         | 1 |  1.3
Slings         | 1 |  1.3
Bows           | 1 |  1.3
Crossbows      | 1 |  1.3
Throwing       | 1 |  1.3
Armour         | 1 |  1.3
Shields        | 1 |  1.3
Unarmed Combat | 1 |  1.3
Spellcasting   | 1 |  1.3
Invocations    | 1 |  1.4
Evocations     | 1 |  1.3
Conjurations   | 1 |  1.0
Hexes          | 1 |  1.0
Summonings     | 1 |  1.0
Necromancy     | 1 |  1.0
Translocations | 1 |  1.0
Transmutations | 1 |  1.0
Fire Magic     | 1 |  1.0
Ice Magic      | 1 |  1.0
Air Magic      | 1 |  1.0
Earth Magic    | 1 |  1.0
Poison Magic   | 1 |  1.0
Fighting       | |  6.6
Long Blades    | |  4.7
Dodging        | |  4.7

Action                   |  1- 3 |  4- 6 || total
-------------------------+-------+-------++-------
Melee: Falchion          |    10 |     9 ||    19
       Bite              |     1 |     3 ||     4
       Whip              |       |    12 ||    12
       Punch             |       |     2 ||     2
Evoke: Wand              |     5 |     2 ||     7
  Use: Scroll            |       |     4 ||     4
       Potion            |       |     1 ||     1
 Stab: Sleeping          |     1 |       ||     1
       Fleeing           |       |     1 ||     1
Armor: Leather armour    |     4 |     6 ||    10
Dodge: Dodged            |    18 |    25 ||    43
